Heat vs Checkers
(R2)
Created - May 27, 2021 at 21:57
Goals
|
| Heat |
1 |
2 |
0 |
3 |
| Checkers |
2 |
2 |
2 |
6 |
|
Shots
|
| Heat |
11 |
10 |
12 |
33 |
| Checkers |
13 |
10 |
9 |
32 |
|
1st period
1. Heat , Jake DeBrusk 3 (Ryan Spooner 2, Matthew Nieto 9) at 0:57
2. Checkers , Michael McCarron 1 (Mitchell Heard 2, Michal Jordan 6) at 11:28
3. Checkers , Michael Latta 6 (Jerry D'Amigo 3, Markus Nutivaara 5) at 14:11
Penalties :
Michael Latta (Cha) for Hooking (Minor) at 8:09
2nd period
4. Heat , Tanner Pearson 11 (Esa Lindell 13, Bryan Rust 7) at 1:14
5. Checkers , Tobias Rieder 9 (Jonathan Huberdeau 13, Aleksander Barkov 17) at 3:07 (PP)
6. Checkers , Quinton Howden 1 (Markus Nutivaara 6) at 5:18
7. Heat , Bryan Rust 4 (Esa Lindell 14, Philip Varone 11) at 5:38
Penalties :
Esa Lindell (Sto) for Roughing (Minor) at 2:14, Philip Varone (Sto) for Holding (Minor) at 3:04, Jonathan Huberdeau (Cha) for Roughing (Minor) at 6:02, David Savard (Sto) for Kneeing (Minor) at 10:38, Markus Nutivaara (Cha) for Tripping (Minor) at 15:23, Philip Varone (Sto) for Holding (Minor) at 17:59
3rd period
8. Checkers , Kerby Rychel 5 (Jerry D'Amigo 4) at 9:37
9. Checkers , Aleksander Barkov 5 (Niklas Hansson 3) at 18:09
Penalties :
David Savard (Sto) for Tripping (Minor) at 9:40, Mathieu Brodeur (Sto) for High sticking (Minor) at 13:22
Goalie Stats
Antti Raanta (Sto), 11 saves from 13 shots - (0.846), 34:42 minutes
Michael Hutchinson (Sto), 15 saves from 19 shots - (0.789), L, 4-1-0, 25:18 minutes
Igor Bobkov (Cha), 30 saves from 33 shots - (0.909), W, 6-1-0, 60:00 minutes
Players Stats for Heat
Player Name G A P +/- PIM S H SB GA TA FO MP PP MP PK MP
------------------------------------------------------------------------------------
Barclay Goodrow 0 0 0 0 0 0 0 0 0 0 0/0 7:14 0:00 0:00
Bryan Rust 1 1 2 -1 0 5 2 0 0 1 0/2 22:14 3:13 5:49
Chris Brown 0 0 0 0 0 0 0 0 0 0 1/3 10:03 0:00 2:32
Colby Cohen 0 0 0 1 0 1 1 2 0 3 0/0 14:13 0:00 2:03
David Savard 0 0 0 0 4 1 0 2 0 1 0/0 25:25 3:29 4:00
Esa Lindell 0 2 2 0 2 9 1 0 1 3 0/0 26:23 3:29 5:39
Evgeny Svechnikov 0 0 0 0 0 0 0 0 0 0 0/0 11:46 0:03 0:00
Greg Pateryn 0 0 0 -3 0 1 3 2 0 0 0/0 19:38 2:28 3:38
Jake DeBrusk 1 0 1 0 0 3 0 0 1 1 0/2 15:09 0:03 3:00
Kevin Labanc 0 0 0 0 0 0 2 0 0 0 0/0 13:09 2:41 0:00
Mathieu Brodeur 0 0 0 -3 2 2 1 0 0 0 0/0 20:32 2:28 4:28
Matthew Nieto 0 1 1 0 0 2 2 0 3 0 0/0 14:29 2:41 1:15
Peter Cehlarik 0 0 0 0 0 0 1 0 0 0 0/0 7:14 0:00 0:00
Philip Varone 0 1 1 -2 4 2 2 0 0 0 15/30 20:32 3:13 3:52
Rasmus Andersson 0 0 0 1 0 0 0 1 0 0 0/0 13:36 0:00 1:42
Ryan Spooner 0 1 1 -1 0 2 0 0 0 1 2/2 13:55 0:00 1:55
Tanner Pearson 1 0 1 -2 0 5 1 0 2 1 0/1 18:49 3:13 2:06
Tyler Shattock 0 0 0 0 0 0 0 0 0 0 1/2 0:46 0:03 0:00
Victor Rask 0 0 0 0 0 0 1 0 0 0 3/6 13:59 2:41 0:57
Players Stats for Checkers
Player Name G A P +/- PIM S H SB GA TA FO MP PP MP PK MP
------------------------------------------------------------------------------------
Aaron Ekblad 0 0 0 2 0 3 1 4 2 0 0/0 26:38 6:03 2:38
Aleksander Barkov 1 1 2 0 0 3 3 1 3 0 11/20 21:12 5:01 0:14
Jake Virtanen 0 0 0 -1 0 5 4 0 1 0 1/1 10:42 0:52 0:00
Jerry D'Amigo 0 2 2 2 0 1 1 0 2 1 0/0 18:37 4:57 3:04
John Draeger 0 0 0 1 0 0 0 1 0 0 0/0 14:59 0:00 3:19
Jonathan Huberdeau 0 1 1 0 2 3 5 0 0 0 1/1 22:11 4:56 1:11
Kerby Rychel 1 0 1 2 0 2 1 0 0 0 0/1 15:02 4:49 0:00
Markus Nutivaara 0 2 2 3 2 1 1 4 1 0 0/0 25:03 6:03 0:00
Matt Puempel 0 0 0 -1 0 1 0 0 0 0 1/1 9:47 0:00 0:00
Michael Latta 1 0 1 2 2 3 2 0 1 2 8/12 18:22 4:49 2:10
Michael McCarron 1 0 1 1 0 1 0 1 0 0 0/0 7:35 0:39 0:00
Michal Jordan 0 1 1 -1 0 1 0 1 0 1 0/0 17:43 4:42 0:00
Mitchell Heard 0 1 1 1 0 0 1 2 0 0 0/1 7:57 0:00 0:59
Niklas Hansson 0 1 1 1 0 0 0 0 0 1 0/0 15:39 0:00 3:19
Quinton Howden 1 0 1 -1 0 2 1 0 0 1 2/7 12:41 0:20 2:34
Roberts Lipsbergs 0 0 0 1 0 0 1 0 0 0 0/1 8:26 1:00 0:31
Tobias Rieder 1 0 1 0 0 4 0 1 1 1 2/3 21:09 4:52 1:11
William Colbert 0 0 0 -2 0 2 1 1 0 0 0/0 20:17 4:42 2:38
3 Stars
1 - Aleksander Barkov (Cha)
2 - Markus Nutivaara (Cha)
3 - Kerby Rychel (Cha)
Power Play
Heat - 0 on 3 Attempt(s) - 0.00%
Checkers - 1 on 6 Attempt(s) - 16.67%
Penalty Kill
Heat - 5 on 6 Attempt(s) - 83.33%
- Score 0 goal in Penalty Kill
Checkers - 3 on 3 Attempt(s) - 100.00%
- Score 0 goal in Penalty Kill
Team Stat
Heat - Hits : 17 - Faceoff Wins : 22 - Blocked Shots : 7 - Penalty Minutes : 12
Checkers - Hits : 22 - Faceoff Wins : 26 - Blocked Shots : 16 - Penalty Minutes : 6
Official
Referees : Unknown
Linesman : Unknown
Game Notes
Antti Raanta enters game at 5:18 of 2nd period
Finance
Level 1 -- Attendance: 2000 (100.00%) -- Ticket Income $60,000
Level 2 -- Attendance: 882 (88.20%) -- Ticket Income $17,640
Total Attendance: 2882 (96.07%)
Total Ticket Income: $77,640
Other Income: $3,882
Total Income: $81,522
Heat
5 vs 5 Forward
Center Left Wing Right Wing Time % Phy DF OF
1 Philip Varone Tanner Pearson Bryan Rust 40 1 2 2
2 Victor Rask Matthew Nieto Kevin Labanc 30 1 2 2
3 Ryan Spooner Jake DeBrusk Evgeny Svechnikov 20 1 2 2
4 Chris Brown Peter Cehlarik Barclay Goodrow 10 1 2 2
5 vs 5 Defense
Defense Defense Time % Phy DF OF
1 David Savard Esa Lindell 40 1 2 2
2 Greg Pateryn Mathieu Brodeur 30 1 2 2
3 Colby Cohen Rasmus Andersson 20 1 2 2
4 Greg Pateryn Mathieu Brodeur 10 1 2 2
PowerPlay Forward
Center Left Wing Right Wing Time % Phy DF OF
1 Philip Varone Tanner Pearson Bryan Rust 60 1 2 2
2 Victor Rask Matthew Nieto Kevin Labanc 40 1 2 2
PowerPlay Defense
Defense Defense Time % Phy DF OF
1 David Savard Esa Lindell 60 1 2 2
2 Greg Pateryn Mathieu Brodeur 40 1 2 2
Penalty Kill 4 Players Forward
Center Wing Time % Phy DF OF
1 Philip Varone Bryan Rust 60 1 2 2
2 Ryan Spooner Tanner Pearson 40 1 2 2
Penalty Kill 4 Players Defense
Defense Defense Time % Phy DF OF
1 David Savard Esa Lindell 60 1 2 2
2 Greg Pateryn Mathieu Brodeur 40 1 2 2
Penalty Kill - 3 Players Forward
Forward Time % Phy DF OF
1 Bryan Rust 60 1 2 2
2 Philip Varone 40 1 2 2
Penalty Kill - 3 Players Defense
Defense Defense Time % Phy DF OF
1 David Savard Esa Lindell 60 1 2 2
2 Greg Pateryn Mathieu Brodeur 40 1 2 2
4 vs 4 Forward
Center Wing Time % Phy DF OF
1 Philip Varone Bryan Rust 60 1 2 2
2 Victor Rask Tanner Pearson 40 1 2 2
4 vs 4 Defense
Defense Defense Time % Phy DF OF
1 David Savard Esa Lindell 60 1 2 2
2 Greg Pateryn Mathieu Brodeur 40 1 2 2
Last Minutes Offensive
Center Left Wing Right Wing Defense Defense
Philip Varone Tanner Pearson Bryan Rust David Savard Esa Lindell
Last Minutes Defensive
Center Left Wing Right Wing Defense Defense
Philip Varone Tanner Pearson Bryan Rust David Savard Esa Lindell
Goaltenders
Starting : Michael Hutchinson
Backup : Antti Raanta
Extra Forwards
Normal : Tyler Shattock, Matthew Nieto, Jake DeBrusk - PP : Tyler Shattock, Matthew Nieto - PK : Jake DeBrusk
Extra Defensemen
Normal : Mathieu Brodeur, Colby Cohen, Rasmus Andersson - PP : Rasmus Andersson - PK : Mathieu Brodeur, Colby Cohen
Penalty Shots
Tanner Pearson, Bryan Rust, Philip Varone, Matthew Nieto, Jake DeBrusk
Scratches
Frank Corrado (Healthy), Christian Jaros (Healthy), Trevor Carrick (Healthy), Petteri Lindbohm (Healthy), Alexander True (Healthy)
Eric Karlsson (Healthy), John Gilmour (Healthy), Ryan Donato (Healthy), Vladislav Kamenev (Healthy), Dominik Masin (Healthy)
Brandon Hickey (Healthy), Nathan Lieuwen (Healthy), Vitek Vanecek (Healthy)
Checkers
5 vs 5 Forward
Center Left Wing Right Wing Time % Phy DF OF
1 Aleksander Barkov Jonathan Huberdeau Tobias Rieder 40 0 2 3
2 Michael Latta Kerby Rychel Jerry D'Amigo 30 0 2 3
3 Quinton Howden Matt Puempel Jake Virtanen 20 0 3 2
4 Mitchell Heard Roberts Lipsbergs Michael McCarron 10 1 2 2
5 vs 5 Defense
Defense Defense Time % Phy DF OF
1 Aaron Ekblad Markus Nutivaara 40 0 2 3
2 Michal Jordan William Colbert 30 0 2 3
3 John Draeger Niklas Hansson 20 1 2 2
4 Aaron Ekblad Markus Nutivaara 10 0 2 3
PowerPlay Forward
Center Left Wing Right Wing Time % Phy DF OF
1 Aleksander Barkov Jonathan Huberdeau Tobias Rieder 60 0 1 4
2 Michael Latta Kerby Rychel Jerry D'Amigo 40 0 1 4
PowerPlay Defense
Defense Defense Time % Phy DF OF
1 Aaron Ekblad Markus Nutivaara 60 0 2 3
2 Michal Jordan William Colbert 40 0 2 3
Penalty Kill 4 Players Forward
Center Wing Time % Phy DF OF
1 Michael Latta Jerry D'Amigo 60 1 3 1
2 Quinton Howden Tobias Rieder 40 1 3 1
Penalty Kill 4 Players Defense
Defense Defense Time % Phy DF OF
1 John Draeger Niklas Hansson 60 1 4 0
2 William Colbert Aaron Ekblad 40 1 4 0
Penalty Kill - 3 Players Forward
Forward Time % Phy DF OF
1 Michael Latta 60 1 3 1
2 Mitchell Heard 40 1 3 1
Penalty Kill - 3 Players Defense
Defense Defense Time % Phy DF OF
1 John Draeger Niklas Hansson 60 1 4 0
2 William Colbert Aaron Ekblad 40 1 4 0
4 vs 4 Forward
Center Wing Time % Phy DF OF
1 Aleksander Barkov Jonathan Huberdeau 60 0 2 3
2 Michael Latta Tobias Rieder 40 0 2 3
4 vs 4 Defense
Defense Defense Time % Phy DF OF
1 Aaron Ekblad Markus Nutivaara 60 0 2 3
2 William Colbert Michal Jordan 40 0 2 3
Last Minutes Offensive
Center Left Wing Right Wing Defense Defense
Aleksander Barkov Jonathan Huberdeau Tobias Rieder Aaron Ekblad Markus Nutivaara
Last Minutes Defensive
Center Left Wing Right Wing Defense Defense
Michael Latta Kerby Rychel Tobias Rieder John Draeger Niklas Hansson
Goaltenders
Starting : Igor Bobkov
Backup : Garret Sparks
Extra Forwards
Normal : Jake Virtanen, Jonathan Huberdeau, Aleksander Barkov - PP : Jake Virtanen, Jonathan Huberdeau - PK : Michael Latta
Extra Defensemen
Normal : Niklas Hansson, Markus Nutivaara, Aaron Ekblad - PP : William Colbert - PK : Aaron Ekblad, Niklas Hansson
Penalty Shots
Aleksander Barkov, Tobias Rieder, Quinton Howden, Michael Latta, Jonathan Huberdeau
Scratches
Viktor Baldayev (Healthy), Juuso Ikonen (Healthy), Keaton Thompson (Healthy), Kyle Platzer (Healthy), Connor Honey (Healthy)
Lukas Vejdemo (Healthy), Dmytro Timashov (Healthy), Anton Zlobin (Healthy), Nelson Nogier (Healthy), Jake Walman (Healthy)
Marek Langhamer (Healthy)
% Time on Ice - Heat
Lines # - Real PCT - Wanted PCT - Time Play
Normal Forward
1 - 31% - 40% - 13:36
2 - 25% - 30% - 10:46
3 - 27% - 20% - 11:42
4 - 17% - 10% - 7:14
Normal Defense
1 - 41% - 40% - 17:35
2 - 29% - 30% - 12:38
3 - 27% - 20% - 11:54
4 - 3% - 10% - 1:11
PP Forward
1 - 55% - 60% - 3:16
2 - 45% - 40% - 2:41
PP Defense
1 - 59% - 60% - 3:29
2 - 41% - 40% - 2:28
PK Forward
1 - 80% - 60% - 8:36
2 - 20% - 40% - 2:06
PK Defense
1 - 66% - 60% - 7:04
2 - 34% - 40% - 3:38
PK3 Forward
1 - 100% - 60% - 0:03
2 - 0% - 40% - 0:00
PK3 Defense
1 - 100% - 60% - 0:03
2 - 0% - 40% - 0:00
44 Forward
1 - 0% - 60%
2 - 0% - 40%
44 Defense
1 - 0% - 60%
2 - 0% - 40%
Last Minute Offensive - 0:00
Last Minute Defensive - 0:00
Total
Forward - 60:00
Defense - 60:00
|
% Time on Ice - Checkers
Lines # - Real PCT - Wanted PCT - Time Play
Normal Forward
1 - 38% - 40% - 16:19
2 - 24% - 30% - 10:16
3 - 23% - 20% - 9:47
4 - 16% - 10% - 6:56
Normal Defense
1 - 39% - 40% - 16:59
2 - 32% - 30% - 13:47
3 - 26% - 20% - 11:26
4 - 3% - 10% - 1:06
PP Forward
1 - 51% - 60% - 5:28
2 - 49% - 40% - 5:17
PP Defense
1 - 56% - 60% - 6:03
2 - 44% - 40% - 4:42
PK Forward
1 - 80% - 60% - 4:46
2 - 20% - 40% - 1:11
PK Defense
1 - 56% - 60% - 3:19
2 - 44% - 40% - 2:38
PK3 Forward
1 - 0% - 60%
2 - 0% - 40%
PK3 Defense
1 - 0% - 60%
2 - 0% - 40%
44 Forward
1 - 0% - 60%
2 - 0% - 40%
44 Defense
1 - 0% - 60%
2 - 0% - 40%
Last Minute Offensive - 0:00
Last Minute Defensive - 0:00
Total
Forward - 60:00
Defense - 60:00
|
Play-by-Play
1st period
0:01 of 1st period - Aleksander Barkov wins face-off versus Philip Varone in neutral zone.
0:08 of 1st period - Snap shot by Tanner Pearson.
0:08 of 1st period - Shot Misses the Net.
0:10 of 1st period - Snap shot by Bryan Rust.
0:10 of 1st period - Stopped by Igor Bobkov with a rebound.
0:12 of 1st period - Snap shot by Bryan Rust.
0:12 of 1st period - Shot Misses the Net.
0:14 of 1st period - Slapshot by David Savard.
0:14 of 1st period - Shot Misses the Net.
0:16 of 1st period - Slapshot by Esa Lindell.
0:16 of 1st period - Shot Blocked by Tobias Rieder.
0:57 of 1st period - Snap shot by Jake DeBrusk.
0:57 of 1st period - Goal by Jake DeBrusk - Heat : 1 - Checkers : 0.
0:58 of 1st period - Chris Brown wins face-off versus Roberts Lipsbergs in neutral zone.
1:05 of 1st period - Slapshot by Greg Pateryn.
1:05 of 1st period - Stopped by Igor Bobkov with a rebound.
1:07 of 1st period - Slapshot by Mathieu Brodeur.
1:07 of 1st period - Shot Misses the Net.
1:32 of 1st period - Bryan Rust is hit by Jonathan Huberdeau and loses puck.
1:49 of 1st period - Snap shot by Jake DeBrusk.
1:49 of 1st period - Shot Hit the Post.
1:51 of 1st period - Wrist shot by Jake DeBrusk.
1:51 of 1st period - Shot Misses the Net.
1:53 of 1st period - Snap shot by Greg Pateryn.
1:53 of 1st period - Shot Blocked by Michal Jordan.
2:48 of 1st period - Colby Cohen is hit by Jonathan Huberdeau.
3:02 of 1st period - Michael Latta is hit by Philip Varone and loses puck.
4:05 of 1st period - Wrist shot by Aleksander Barkov.
4:05 of 1st period - Deflect By Jonathan Huberdeau.
4:05 of 1st period - Shot Misses the Net.
4:05 of 1st period - Puck is out of play.
4:06 of 1st period - Aleksander Barkov wins face-off versus Chris Brown in Heat zone.
4:07 of 1st period - Wrist shot by Jonathan Huberdeau.
4:07 of 1st period - Stopped by Michael Hutchinson with a rebound.
4:47 of 1st period - Icing by Mathieu Brodeur.
4:48 of 1st period - Quinton Howden wins face-off versus Philip Varone in Heat zone.
4:49 of 1st period - Slapshot by Jake Virtanen.
4:49 of 1st period - Stopped by Michael Hutchinson without a rebound.
4:50 of 1st period - Aleksander Barkov wins face-off versus Philip Varone in Heat zone.
4:55 of 1st period - Wrist shot by Aleksander Barkov.
4:55 of 1st period - Stopped by Michael Hutchinson with a rebound.
4:57 of 1st period - Slapshot by Markus Nutivaara.
4:57 of 1st period - Shot Misses the Net.
4:59 of 1st period - Snap shot by Jonathan Huberdeau.
4:59 of 1st period - Deflect By Tobias Rieder.
4:59 of 1st period - Stopped by Michael Hutchinson with a rebound.
5:01 of 1st period - Wrist shot by Aleksander Barkov.
5:01 of 1st period - Shot Misses the Net.
5:03 of 1st period - Slapshot by Aaron Ekblad.
5:03 of 1st period - Shot Misses the Net.
5:20 of 1st period - Slapshot by Michal Jordan.
5:20 of 1st period - Stopped by Michael Hutchinson with a rebound.
5:42 of 1st period - Ryan Spooner is hit by Jake Virtanen and loses puck.
6:49 of 1st period - Snap shot by Kevin Labanc.
6:49 of 1st period - Shot Blocked by Aaron Ekblad.
7:29 of 1st period - Snap shot by Matt Puempel.
7:29 of 1st period - Stopped by Michael Hutchinson without a rebound.
7:30 of 1st period - Tobias Rieder wins face-off versus Philip Varone in Heat zone.
7:55 of 1st period - Esa Lindell is hit by Jerry D'Amigo and loses puck.
8:09 of 1st period - Minor Penalty to Michael Latta for Hooking.
8:10 of 1st period - Philip Varone wins face-off versus Quinton Howden in Checkers zone.
9:13 of 1st period - Greg Pateryn is hit by Jonathan Huberdeau and loses puck.
10:09 of 1st period - Penalty to Michael Latta is over, Michael Latta is back on ice.
10:09 of 1st period - Icing by William Colbert.
10:10 of 1st period - Tyler Shattock wins face-off versus Aleksander Barkov in Checkers zone.
10:23 of 1st period - Snap shot by Jake DeBrusk.
10:23 of 1st period - Shot Blocked by Aaron Ekblad.
10:44 of 1st period - Colby Cohen is hit by Aleksander Barkov and loses puck.
10:49 of 1st period - Slapshot by Aleksander Barkov.
10:49 of 1st period - Stopped by Michael Hutchinson with a rebound.
10:51 of 1st period - Slapshot by Aaron Ekblad.
10:51 of 1st period - Stopped by Michael Hutchinson with a rebound.
11:28 of 1st period - Wrist shot by Mitchell Heard.
11:28 of 1st period - Deflect By Michael McCarron.
11:28 of 1st period - Goal by Michael McCarron - Heat : 1 - Checkers : 1.
11:29 of 1st period - Jake Virtanen wins face-off versus Philip Varone in neutral zone.
11:32 of 1st period - Snap shot by Jake Virtanen.
11:32 of 1st period - Stopped by Michael Hutchinson with a rebound.
11:56 of 1st period - John Draeger is hit by Victor Rask and loses puck.
12:58 of 1st period - Tanner Pearson is hit by Jake Virtanen and loses puck.
13:07 of 1st period - Snap shot by Jake Virtanen.
13:07 of 1st period - Shot Misses the Net.
13:43 of 1st period - Slapshot by Rasmus Andersson.
13:43 of 1st period - Deflect By Jake DeBrusk.
13:43 of 1st period - Shot Misses the Net.
13:43 of 1st period - Puck is out of play.
13:44 of 1st period - Ryan Spooner wins face-off versus Aleksander Barkov in Checkers zone.
13:47 of 1st period - Wrist shot by Jake DeBrusk.
13:47 of 1st period - Stopped by Igor Bobkov with a rebound.
13:49 of 1st period - Slapshot by Esa Lindell.
13:49 of 1st period - Stopped by Igor Bobkov with a rebound.
13:51 of 1st period - Snap shot by Esa Lindell.
13:51 of 1st period - Stopped by Igor Bobkov with a rebound.
13:53 of 1st period - Wrist shot by Jake DeBrusk.
13:53 of 1st period - Shot Misses the Net.
13:55 of 1st period - Snap shot by Jake DeBrusk.
13:55 of 1st period - Stopped by Igor Bobkov with a rebound.
13:57 of 1st period - Slapshot by Esa Lindell.
13:57 of 1st period - Stopped by Igor Bobkov without a rebound.
13:58 of 1st period - Michael Latta wins face-off versus Philip Varone in Checkers zone.
14:07 of 1st period - Slapshot by Michael Latta.
14:07 of 1st period - Shot Misses the Net.
14:09 of 1st period - Snap shot by Jerry D'Amigo.
14:09 of 1st period - Shot Misses the Net.
14:11 of 1st period - Wrist shot by Jerry D'Amigo.
14:11 of 1st period - Deflect By Michael Latta.
14:11 of 1st period - Goal by Michael Latta - Heat : 1 - Checkers : 2.
14:12 of 1st period - Philip Varone wins face-off versus Aleksander Barkov in neutral zone.
14:17 of 1st period - Wrist shot by Bryan Rust.
14:17 of 1st period - Stopped by Igor Bobkov with a rebound.
14:19 of 1st period - Snap shot by Bryan Rust.
14:19 of 1st period - Shot Misses the Net.
14:21 of 1st period - Snap shot by Bryan Rust.
14:21 of 1st period - Shot Blocked by Markus Nutivaara.
14:23 of 1st period - Snap shot by Tanner Pearson.
14:23 of 1st period - Shot Blocked by Markus Nutivaara.
14:25 of 1st period - Wrist shot by Tanner Pearson.
14:25 of 1st period - Stopped by Igor Bobkov with a rebound.
15:11 of 1st period - Snap shot by Jake Virtanen.
15:11 of 1st period - Stopped by Michael Hutchinson with a rebound.
16:05 of 1st period - Kerby Rychel is hit by Matthew Nieto and loses puck.
16:30 of 1st period - Jake DeBrusk is hit by Roberts Lipsbergs and loses puck.
16:49 of 1st period - Aleksander Barkov is hit by Bryan Rust and loses puck.
17:15 of 1st period - Wrist shot by Michael Latta.
17:15 of 1st period - Shot Misses the Net.
17:17 of 1st period - Snap shot by Kerby Rychel.
17:17 of 1st period - Shot Misses the Net.
17:38 of 1st period - Victor Rask is hit by Quinton Howden and loses puck.
17:45 of 1st period - Michal Jordan is hit by Kevin Labanc and loses puck.
18:45 of 1st period - Snap shot by Aaron Ekblad.
18:45 of 1st period - Stopped by Michael Hutchinson with a rebound.
19:29 of 1st period - Bryan Rust is hit by Michael Latta and loses puck.
19:48 of 1st period - Philip Varone is hit by Jake Virtanen and loses puck.
19:57 of 1st period - Snap shot by Tanner Pearson.
19:57 of 1st period - Shot Misses the Net.
19:59 of 1st period - Wrist shot by Colby Cohen.
19:59 of 1st period - Stopped by Igor Bobkov with a rebound.
Goals for this period are 1 for Heat vs 2 for Checkers.
Shots for this period are 11 for Heat vs 13 for Checkers.
2nd period
0:01 of 2nd period - Aleksander Barkov wins face-off versus Philip Varone in neutral zone.
0:16 of 2nd period - Snap shot by Jonathan Huberdeau.
0:16 of 2nd period - Stopped by Michael Hutchinson without a rebound.
0:17 of 2nd period - Michael Latta wins face-off versus Victor Rask in Heat zone.
0:49 of 2nd period - Jake DeBrusk is hit by Jonathan Huberdeau and loses puck.
1:10 of 2nd period - Snap shot by Bryan Rust.
1:10 of 2nd period - Stopped by Igor Bobkov with a rebound.
1:14 of 2nd period - Snap shot by Tanner Pearson.
1:14 of 2nd period - Goal by Tanner Pearson - Heat : 2 - Checkers : 2.
1:15 of 2nd period - Aleksander Barkov wins face-off versus Philip Varone in neutral zone.
1:41 of 2nd period - Jerry D'Amigo is hit by Greg Pateryn and loses puck.
1:59 of 2nd period - Off-side.
2:00 of 2nd period - Ryan Spooner wins face-off versus Quinton Howden in neutral zone.
2:07 of 2nd period - Snap shot by Quinton Howden.
2:07 of 2nd period - Shot Misses the Net.
2:09 of 2nd period - Slapshot by Michal Jordan.
2:09 of 2nd period - Shot Blocked by Greg Pateryn.
2:11 of 2nd period - Snap shot by William Colbert.
2:11 of 2nd period - Stopped by Michael Hutchinson without a rebound.
2:12 of 2nd period - Philip Varone wins face-off versus Tobias Rieder in Heat zone.
2:14 of 2nd period - Minor Penalty to Esa Lindell for Roughing.
2:15 of 2nd period - Philip Varone wins face-off versus Aleksander Barkov in Heat zone.
2:27 of 2nd period - Backhand shot by Tobias Rieder.
2:27 of 2nd period - Shot Misses the Net.
2:48 of 2nd period - Slapshot by Jerry D'Amigo.
2:48 of 2nd period - Shot Misses the Net.
2:50 of 2nd period - Snap shot by Jerry D'Amigo.
2:50 of 2nd period - Stopped by Michael Hutchinson without a rebound.
2:51 of 2nd period - Philip Varone wins face-off versus Aleksander Barkov in Heat zone.
2:59 of 2nd period - Snap shot by Tobias Rieder.
2:59 of 2nd period - Shot Misses the Net.
3:01 of 2nd period - Slapshot by William Colbert.
3:01 of 2nd period - Stopped by Michael Hutchinson without a rebound.
3:02 of 2nd period - Philip Varone wins face-off versus Aleksander Barkov in Heat zone.
3:04 of 2nd period - Minor Penalty to Philip Varone for Holding.
3:05 of 2nd period - Aleksander Barkov wins face-off versus Bryan Rust in Heat zone.
3:07 of 2nd period - Wrist shot by Tobias Rieder.
3:07 of 2nd period - Goal by Tobias Rieder - Heat : 2 - Checkers : 3.
3:08 of 2nd period - Aleksander Barkov wins face-off versus Jake DeBrusk in neutral zone.
5:04 of 2nd period - Penalty to Philip Varone is over, Philip Varone is back on ice.
5:18 of 2nd period - Slapshot by Quinton Howden.
5:18 of 2nd period - Goal by Quinton Howden - Heat : 2 - Checkers : 4.
5:18 of 2nd period - Antti Raanta enters game.
5:19 of 2nd period - Victor Rask wins face-off versus Michael Latta in neutral zone.
5:26 of 2nd period - Snap shot by Kevin Labanc.
5:26 of 2nd period - Shot Misses the Net.
5:28 of 2nd period - Slapshot by Mathieu Brodeur.
5:28 of 2nd period - Shot Blocked by William Colbert.
5:30 of 2nd period - Wrist shot by Mathieu Brodeur.
5:30 of 2nd period - Stopped by Igor Bobkov with a rebound.
5:32 of 2nd period - Snap shot by Mathieu Brodeur.
5:32 of 2nd period - Shot Misses the Net.
5:34 of 2nd period - Slapshot by Mathieu Brodeur.
5:34 of 2nd period - Stopped by Igor Bobkov without a rebound.
5:35 of 2nd period - Philip Varone wins face-off versus Aleksander Barkov in Checkers zone.
5:36 of 2nd period - Slapshot by Esa Lindell.
5:36 of 2nd period - Stopped by Igor Bobkov with a rebound.
5:38 of 2nd period - Wrist shot by Bryan Rust.
5:38 of 2nd period - Goal by Bryan Rust - Heat : 3 - Checkers : 4.
5:39 of 2nd period - Aleksander Barkov wins face-off versus Bryan Rust in neutral zone.
6:02 of 2nd period - Minor Penalty to Jonathan Huberdeau for Roughing.
6:03 of 2nd period - Michael Latta wins face-off versus Philip Varone in Checkers zone.
6:18 of 2nd period - Backhand shot by Jerry D'Amigo.
6:18 of 2nd period - Shot Misses the Net.
6:39 of 2nd period - Slapshot by Aaron Ekblad.
6:39 of 2nd period - Stopped by Antti Raanta with a rebound.
8:02 of 2nd period - Penalty to Jonathan Huberdeau is over, Jonathan Huberdeau is back on ice.
8:09 of 2nd period - Niklas Hansson is hit by Greg Pateryn and loses puck.
8:26 of 2nd period - Wrist shot by Chris Brown.
8:26 of 2nd period - Shot Blocked by Markus Nutivaara.
9:43 of 2nd period - Peter Cehlarik is hit by Markus Nutivaara and loses puck.
10:38 of 2nd period - Minor Penalty to David Savard for Kneeing.
10:39 of 2nd period - Philip Varone wins face-off versus Aleksander Barkov in Heat zone.
10:52 of 2nd period - Snap shot by Philip Varone.
10:52 of 2nd period - Shot Misses the Net.
11:04 of 2nd period - Wrist shot by Kerby Rychel.
11:04 of 2nd period - Stopped by Antti Raanta with a rebound.
11:08 of 2nd period - Wrist shot by Michael Latta.
11:08 of 2nd period - Stopped by Antti Raanta with a rebound.
11:12 of 2nd period - Snap shot by Michael Latta.
11:12 of 2nd period - Deflect By Esa Lindell.
11:12 of 2nd period - Stopped by Antti Raanta with a rebound.
12:38 of 2nd period - Penalty to David Savard is over, David Savard is back on ice.
14:16 of 2nd period - Roberts Lipsbergs is hit by Philip Varone and loses puck.
14:38 of 2nd period - Snap shot by Quinton Howden.
14:38 of 2nd period - Shot Misses the Net.
15:23 of 2nd period - Minor Penalty to Markus Nutivaara for Tripping.
15:24 of 2nd period - Philip Varone wins face-off versus Michael Latta in Checkers zone.
15:55 of 2nd period - David Savard is hit by Michael Latta and loses puck.
16:47 of 2nd period - Icing by Philip Varone.
16:48 of 2nd period - Jonathan Huberdeau wins face-off versus Philip Varone in Heat zone.
17:03 of 2nd period - Niklas Hansson is hit by Matthew Nieto and loses puck.
17:08 of 2nd period - Wrist shot by Matthew Nieto.
17:08 of 2nd period - Stopped by Igor Bobkov without a rebound.
17:09 of 2nd period - Michael Latta wins face-off versus Victor Rask in Checkers zone.
17:23 of 2nd period - Penalty to Markus Nutivaara is over, Markus Nutivaara is back on ice.
17:34 of 2nd period - Wrist shot by Esa Lindell.
17:34 of 2nd period - Stopped by Igor Bobkov with a rebound.
17:36 of 2nd period - Slapshot by Esa Lindell.
17:36 of 2nd period - Stopped by Igor Bobkov with a rebound.
17:38 of 2nd period - Snap shot by Barclay Goodrow.
17:38 of 2nd period - Shot Misses the Net.
17:42 of 2nd period - Slapshot by David Savard.
17:42 of 2nd period - Stopped by Igor Bobkov without a rebound.
17:43 of 2nd period - Aleksander Barkov wins face-off versus Philip Varone in Checkers zone.
17:43 of 2nd period - Aleksander Barkov is hit by Tanner Pearson.
17:59 of 2nd period - Minor Penalty to Philip Varone for Holding.
18:00 of 2nd period - Aleksander Barkov wins face-off versus Jake DeBrusk in Heat zone.
18:25 of 2nd period - Markus Nutivaara is hit by Bryan Rust and loses puck.
18:34 of 2nd period - Slapshot by Markus Nutivaara.
18:34 of 2nd period - Shot Blocked by David Savard.
19:59 of 2nd period - Penalty to Philip Varone is over, Philip Varone is back on ice.
Goals for this period are 2 for Heat vs 2 for Checkers.
Shots for this period are 10 for Heat vs 10 for Checkers.
3rd period
0:01 of 3rd period - Tobias Rieder wins face-off versus Philip Varone in neutral zone.
1:28 of 3rd period - Evgeny Svechnikov is hit by Jonathan Huberdeau.
1:34 of 3rd period - Mathieu Brodeur is hit by Aaron Ekblad and loses puck.
1:41 of 3rd period - Wrist shot by Jonathan Huberdeau.
1:41 of 3rd period - Shot Blocked by Rasmus Andersson.
2:05 of 3rd period - Markus Nutivaara is hit by Colby Cohen.
2:32 of 3rd period - Wrist shot by Ryan Spooner.
2:32 of 3rd period - Stopped by Igor Bobkov with a rebound.
2:56 of 3rd period - Slapshot by Jake DeBrusk.
2:56 of 3rd period - Shot Blocked by Aleksander Barkov.
3:02 of 3rd period - Colby Cohen is hit by Aleksander Barkov and loses puck.
3:35 of 3rd period - Slapshot by Ryan Spooner.
3:35 of 3rd period - Shot Misses the Net.
3:57 of 3rd period - Slapshot by Rasmus Andersson.
3:57 of 3rd period - Deflect By Ryan Spooner.
3:57 of 3rd period - Stopped by Igor Bobkov with a rebound.
4:05 of 3rd period - Snap shot by Ryan Spooner.
4:05 of 3rd period - Shot Misses the Net.
4:43 of 3rd period - Snap shot by Jake DeBrusk.
4:43 of 3rd period - Shot Misses the Net.
4:55 of 3rd period - Slapshot by Aleksander Barkov.
4:55 of 3rd period - Shot Blocked by Colby Cohen.
4:57 of 3rd period - Slapshot by Aleksander Barkov.
4:57 of 3rd period - Deflect By Tobias Rieder.
4:57 of 3rd period - Stopped by Antti Raanta with a rebound.
4:59 of 3rd period - Slapshot by Markus Nutivaara.
4:59 of 3rd period - Stopped by Antti Raanta with a rebound.
5:01 of 3rd period - Wrist shot by Tobias Rieder.
5:01 of 3rd period - Stopped by Antti Raanta with a rebound.
5:03 of 3rd period - Wrist shot by Tobias Rieder.
5:03 of 3rd period - Shot Misses the Net.
5:05 of 3rd period - Snap shot by Aleksander Barkov.
5:05 of 3rd period - Shot Misses the Net.
5:07 of 3rd period - Slapshot by Jonathan Huberdeau.
5:07 of 3rd period - Stopped by Antti Raanta without a rebound.
5:08 of 3rd period - Philip Varone wins face-off versus Michael Latta in Heat zone.
6:25 of 3rd period - Snap shot by Philip Varone.
6:25 of 3rd period - Stopped by Igor Bobkov with a rebound.
6:48 of 3rd period - Backhand shot by Michael Latta.
6:48 of 3rd period - Shot Misses the Net.
6:50 of 3rd period - Wrist shot by Michael Latta.
6:50 of 3rd period - Deflect By Jerry D'Amigo.
6:50 of 3rd period - Shot Misses the Net.
6:50 of 3rd period - Puck is out of play.
6:51 of 3rd period - Victor Rask wins face-off versus Quinton Howden in Heat zone.
7:23 of 3rd period - Wrist shot by Peter Cehlarik.
7:23 of 3rd period - Shot Blocked by Mitchell Heard.
7:33 of 3rd period - William Colbert is hit by Mathieu Brodeur and loses puck.
7:44 of 3rd period - Tanner Pearson is hit by William Colbert and loses puck.
7:54 of 3rd period - Icing by Michal Jordan.
7:55 of 3rd period - Matt Puempel wins face-off versus Tyler Shattock in Checkers zone.
8:06 of 3rd period - Niklas Hansson is hit by Kevin Labanc and loses puck.
8:27 of 3rd period - Wrist shot by Tanner Pearson.
8:27 of 3rd period - Stopped by Igor Bobkov with a rebound.
8:29 of 3rd period - Wrist shot by Bryan Rust.
8:29 of 3rd period - Stopped by Igor Bobkov without a rebound.
8:30 of 3rd period - Michael Latta wins face-off versus Tanner Pearson in Checkers zone.
9:06 of 3rd period - Snap shot by Jake Virtanen.
9:06 of 3rd period - Stopped by Antti Raanta without a rebound.
9:07 of 3rd period - Victor Rask wins face-off versus Quinton Howden in Heat zone.
9:37 of 3rd period - Snap shot by Kerby Rychel.
9:37 of 3rd period - Goal by Kerby Rychel - Heat : 3 - Checkers : 5.
9:38 of 3rd period - Philip Varone wins face-off versus Kerby Rychel in neutral zone.
9:40 of 3rd period - Minor Penalty to David Savard for Tripping.
9:41 of 3rd period - Philip Varone wins face-off versus Michael Latta in Heat zone.
9:41 of 3rd period - Philip Varone is hit by Kerby Rychel.
11:40 of 3rd period - Penalty to David Savard is over, David Savard is back on ice.
11:52 of 3rd period - Snap shot by Jake Virtanen.
11:52 of 3rd period - Stopped by Antti Raanta with a rebound.
12:12 of 3rd period - Snap shot by Victor Rask.
12:12 of 3rd period - Shot Blocked by Mitchell Heard.
12:29 of 3rd period - Michael McCarron is hit by Peter Cehlarik and loses puck.
13:22 of 3rd period - Minor Penalty to Mathieu Brodeur for High sticking.
13:23 of 3rd period - Michael Latta wins face-off versus Philip Varone in Heat zone.
13:28 of 3rd period - Slapshot by Michael Latta.
13:28 of 3rd period - Shot Blocked by Colby Cohen.
13:30 of 3rd period - Snap shot by Aaron Ekblad.
13:30 of 3rd period - Shot Blocked by Greg Pateryn.
13:32 of 3rd period - Snap shot by Michael Latta.
13:32 of 3rd period - Shot Misses the Net.
13:34 of 3rd period - Backhand shot by Aaron Ekblad.
13:34 of 3rd period - Shot Misses the Net.
15:05 of 3rd period - Jonathan Huberdeau is hit by Greg Pateryn and loses puck.
15:22 of 3rd period - Penalty to Mathieu Brodeur is over, Mathieu Brodeur is back on ice.
15:30 of 3rd period - Slapshot by Esa Lindell.
15:30 of 3rd period - Stopped by Igor Bobkov without a rebound.
15:31 of 3rd period - Quinton Howden wins face-off versus Chris Brown in Checkers zone.
15:42 of 3rd period - Backhand shot by Quinton Howden.
15:42 of 3rd period - Stopped by Antti Raanta with a rebound.
15:44 of 3rd period - Snap shot by Niklas Hansson.
15:44 of 3rd period - Deflect By Jake Virtanen.
15:44 of 3rd period - Shot Misses the Net.
15:44 of 3rd period - Puck is out of play.
15:45 of 3rd period - Philip Varone wins face-off versus Mitchell Heard in Heat zone.
15:59 of 3rd period - Slapshot by Esa Lindell.
15:59 of 3rd period - Stopped by Igor Bobkov with a rebound.
16:01 of 3rd period - Slapshot by David Savard.
16:01 of 3rd period - Shot Blocked by Aaron Ekblad.
16:16 of 3rd period - Aaron Ekblad is hit by Esa Lindell and loses puck.
17:14 of 3rd period - Peter Cehlarik is hit by Mitchell Heard and loses puck.
17:23 of 3rd period - Snap shot by Peter Cehlarik.
17:23 of 3rd period - Shot Blocked by Michael McCarron.
17:37 of 3rd period - Snap shot by Matthew Nieto.
17:37 of 3rd period - Stopped by Igor Bobkov with a rebound.
17:39 of 3rd period - Backhand shot by Esa Lindell.
17:39 of 3rd period - Shot Misses the Net.
17:41 of 3rd period - Slapshot by Esa Lindell.
17:41 of 3rd period - Stopped by Igor Bobkov without a rebound.
17:42 of 3rd period - Philip Varone wins face-off versus Quinton Howden in Checkers zone.
17:45 of 3rd period - Wrist shot by Bryan Rust.
17:45 of 3rd period - Shot Blocked by John Draeger.
18:09 of 3rd period - Snap shot by Aleksander Barkov.
18:09 of 3rd period - Goal by Aleksander Barkov - Heat : 3 - Checkers : 6.
18:10 of 3rd period - Michael Latta wins face-off versus Philip Varone in neutral zone.
18:21 of 3rd period - Slapshot by Tanner Pearson.
18:21 of 3rd period - Stopped by Igor Bobkov with a rebound.
18:23 of 3rd period - Backhand shot by Tanner Pearson.
18:23 of 3rd period - Stopped by Igor Bobkov without a rebound.
18:24 of 3rd period - Aleksander Barkov wins face-off versus Philip Varone in Checkers zone.
18:29 of 3rd period - Slapshot by Esa Lindell.
18:29 of 3rd period - Shot Blocked by Aaron Ekblad.
18:31 of 3rd period - Snap shot by Philip Varone.
18:31 of 3rd period - Stopped by Igor Bobkov without a rebound.
18:32 of 3rd period - Philip Varone wins face-off versus Aleksander Barkov in Checkers zone.
18:35 of 3rd period - Snap shot by Philip Varone.
18:35 of 3rd period - Shot Misses the Net.
18:37 of 3rd period - Slapshot by David Savard.
18:37 of 3rd period - Shot Blocked by Markus Nutivaara.
18:47 of 3rd period - Slapshot by Markus Nutivaara.
18:47 of 3rd period - Deflect By Aleksander Barkov.
18:47 of 3rd period - Shot Blocked by David Savard.
18:47 of 3rd period - Puck is out of play.
18:48 of 3rd period - Michael Latta wins face-off versus Victor Rask in Heat zone.
19:13 of 3rd period - Tanner Pearson is hit by Aleksander Barkov and loses puck.
19:36 of 3rd period - Greg Pateryn is hit by Jake Virtanen and loses puck.
Goals for this period are 0 for Heat vs 2 for Checkers.
Shots for this period are 12 for Heat vs 9 for Checkers.